 Dungeon Crawl Stone Soup version 0.31.0-32-g396128a36d (webtiles) character file.

Game seed: 2319562705107716693

56 DemonSlayer the Digger (level 3, 0/24 HPs)
             Began as a Demonspawn Earth Elementalist on Apr 22, 2024.
             Slain by a ribbon worm (8 damage)
             ... on level 2 of the Dungeon.
             The game lasted 00:03:24 (1285 turns).

DemonSlayer the Digger (DsEE)                       Turns: 1285, Time: 00:03:25

Health: 0/24       AC:  2    Str:  8    XL:     3   Next: 71%
Magic:  4/7        EV: 12    Int: 15    God:
Gold:   64         SH:  0    Dex: 15    Spells: 6/7 levels left

rFire   . . .        g - +0 dagger
rCold   . . .        (no shield)
rNeg    . . .        a - +0 robe
rPois   .            (no helmet)
rElec   .            (no cloak)
rCorr   .            (no gloves)
SInv    +            (no boots)
Will    .....        (no amulet)
Stlth   ++           c - ring of see invisible
HPRegen 0.24/turn    (no ring)
MPRegen 0.10/turn

%: no passive effects
@: no status effects
A: demonic magic 1
a: no special abilities


You were on level 2 of the Dungeon.
You visited 1 branch of the dungeon, and saw 2 of its levels.

You collected 64 gold pieces.

Inventory:

Hand Weapons
 g - a +0 dagger (weapon)
Armour
 a - a +0 robe (worn)
Jewellery
 c - a ring of see invisible (left hand)
Scrolls
 b - a scroll of immolation {unknown}
 d - a scroll of identify {unknown}
Potions
 e - a potion of invisibility {unknown}
 f - a potion of mutation {unknown}
 h - 2 potions of haste {unknown}


   Skills:
 + Level 2.1 Dodging
 + Level 2.1 Stealth
 + Level 2.8 Spellcasting
 + Level 1.2 Conjurations
 + Level 3.2 Earth Magic


You had 6 spell levels left.
You knew the following spells:

 Your Spells              Type           Power      Damage    Failure   Level
a - Sandblast             Erth           22%        2d7       5%          1

Your spell library contained the following spells:

 Spells                   Type           Power      Damage    Failure   Level
 Passwall                 Erth           11%        N/A       16%         3
 Stone Arrow              Conj/Erth      16%        3d8       24%         3
 Brom's Barrelling Bould  Conj/Erth      8%         2d3       63%         4
 Petrify                  Alch/Erth      7%         N/A       71%         4


Dungeon Overview and Level Annotations

Branches:
Dungeon (2/15)

Altars:

Shops:
D:2 (


Innate Abilities, Weirdness & Mutations

Spells you cast may paralyse adjacent enemies.


Message History

A ribbon worm is nearby!
A hobgoblin comes into view.
The ribbon worm expels a string of sticky webbing.
The stream of webbing misses you.
The blast of sand hits the ribbon worm!
The ribbon worm is moderately wounded.
Malevolent energies surge around you.
The hobgoblin shouts!
The ribbon worm bites you.
The blast of sand misses the ribbon worm.
Malevolent energies surge around you.
The hobgoblin suddenly stops moving!
The hobgoblin is no longer paralysed.
The hobgoblin misses you. The ribbon worm misses you.
The blast of sand hits the ribbon worm!
The ribbon worm is severely wounded.
Malevolent energies surge around you.
The hobgoblin suddenly stops moving!
The ribbon worm bites you!
The helpless hobgoblin fails to defend itself.
You hit the hobgoblin.
The hobgoblin is almost dead.
The ribbon worm bites you.
You are too injured to fight recklessly!
The helpless hobgoblin fails to defend itself.
You hit the hobgoblin.
You kill the hobgoblin!
The ribbon worm expels a string of sticky webbing.
The stream of webbing hits you but does no damage.
You are caught in a web!
You struggle to detach yourself from the web.
The ribbon worm bites you.
* * * LOW HITPOINT WARNING * * *
The web tears apart.
Casting: Sandblast (safe; 5% risk of failure)
Confirm with . or Enter, or press ? or * to list all spells.
Aiming: Sandblast (safe; 5% risk of failure)
Press: ? - help, Shift-Dir - straight line, f/p - ribbon worm
Aim: a ribbon worm (heavily wounded, catching its breath, 94% to hit)
The blast of sand misses the ribbon worm.
Malevolent energies surge around you. The ribbon worm bites you!
You die...

###### #.##(#################
#.............@w......
#.#.<..........=......
#†#############################
#.#..............)...............
#.###############################
#.# #.# #.##### .......


You could see a ribbon worm (catching breath).

Vanquished Creatures
  2 adders (D:2)
  A dart slug (D:2)
  A ribbon worm (D:2)
  3 endoplasms
  3 giant cockroaches
  4 hobgoblins
  7 jackals (D:2)
  2 kobolds
  2 bats (D:1)
  A frilled lizard (D:1)
  2 goblins
  4 rats
32 creatures vanquished.

Notes
Turn   | Place    | Note
-------+----------+-------------------------------------------
     0 | D:1      | DemonSlayer the Demonspawn Earth Elementalist began the
                  | quest for the Orb.
     0 | D:1      | Reached XP level 1. HP: 13/13 MP: 3/3
   364 | D:1      | Gained mutation: Spells you cast may paralyse adjacent
                  | enemies. [demonic ancestry]
   364 | D:1      | Reached XP level 2. HP: 19/19 MP: 3/5
   852 | D:2      | Found Anaiz's Weapon Shop.
   860 | D:2      | Reached skill level 3 in Earth Magic
   880 | D:2      | Reached XP level 3. HP: 23/24 MP: 0/6
  1285 | D:2      | Slain by a ribbon worm

Illustrated notes

Levels and vault maps discovered:
D:1:      dpeg_arrival_signposts, layout_basic, corexii_item_surrounded_by_moat
D:2:      layout_basic, serial_shops, shop

Skill      XL: |  1  2 |
---------------+-------+-----
Dodging        | 2 |  2.1
Stealth        | 2 |  2.1
Earth Magic    | 3 |  3.2
Spellcasting   | |  2.8
Conjurations   | |  1.2

Action                     || total
---------------------------++-------
  Melee: Short sword       ||     7
         Unarmed           ||     3
         Dagger            ||    17
   Cast: Sandblast         ||    46
    Use: Potion            ||     1
   Stab: Paralysed         ||     8
         Sleeping          ||     1
 Armour: Robe              ||    33
  Dodge: Dodged            ||    39
